 Dungeon Crawl Stone Soup version 0.26.1-11-gd32895ea62 (webtiles) character file.

Game seed: 11558031335686435751

96 Zeld the Slasher (level 4, -2/33 HPs)
             Began as a Human Gladiator on June 4, 2021.
             Killed from afar by Natasha (10 damage)
             ... with a magic dart
             ... on level 2 of the Dungeon.
             The game lasted 00:02:23 (1233 turns).

Zeld the Slasher (Human Gladiator)                  Turns: 1233, Time: 00:02:24

Health: -2/33      AC:  5    Str: 15    XL:     4   Next: 98%
Magic:  4/4        EV: 13    Int:  8    God:
Gold:   29         SH:  0    Dex: 15    Spells: 3/3 levels left

rFire    . . .     SeeInvis .   a - +0 long sword
rCold    . . .     Faith    .   (no shield)
rNeg     . . .     Spirit   .   b - +0 leather armour
rPois    .         Reflect  .   c - +0 helmet
rElec    .         Harm     .   h - +0 cloak
rCorr    .         Rampage  .   (no gloves)
Will     .....                  (no boots)
Stlth    +.........             (no amulet)
HPRegen  0.11/turn              (no ring)
MPRegen  0.09/turn              (no ring)

@: slowed, very slow
A: no striking features
a: no special abilities


You were on level 2 of the Dungeon.
You visited 1 branch of the dungeon, and saw 2 of its levels.

You collected 29 gold pieces.

Inventory:

Hand Weapons
 a - a +0 long sword (weapon)
Missiles
 d - 3 throwing nets
 g - 13 poisoned darts (quivered)
Armour
 b - a +0 leather armour (worn)
 c - a +0 helmet (worn)
 h - a +0 cloak (worn)
Scrolls
 f - 2 scrolls of identify {unknown}
 j - a scroll of remove curse {unknown}
 k - 2 scrolls of amnesia {unknown}
 l - a scroll of immolation {unknown}
Potions
 e - a potion of degeneration {unknown}
 i - a potion of heal wounds {unknown}
 m - a potion of might {unknown}
 n - a potion of mutation {unknown}


   Skills:
 - Level 2.0 Fighting
 * Level 5.3 Long Blades
 - Level 2.0 Throwing
 - Level 3.0 Dodging


You had 3 spell levels left.
You didn't know any spells.
Your spell library contained the following spells:

 Spells                   Type           Power        Failure   Level
 Confusing Touch          Hex            0%           85%         3
 Gell's Gravitas          Tloc           0%           85%         3
 Petrify                  Tmut/Erth      0%           99%         4
 Metabolic Englaciation   Hex/Ice        0%           100%        5
 Yara's Violent Unravell  Hex/Tmut       0%           100%        5


Dungeon Overview and Level Annotations

Branches:
Dungeon (2/15)

Altars:
Elyvilon
Wu Jian

Annotations:
D:2 Natasha


Message History

You barely miss Natasha.
Natasha is severely wounded.
Natasha misses you. The crimson imp misses you.
You riposte.
You hit the crimson imp.
The crimson imp is heavily wounded.
Natasha closely misses you.
The crimson imp hits you but does no damage.
You closely miss Natasha.
Natasha is severely wounded.
Natasha closely misses you.
You riposte.
You miss Natasha.
Natasha is severely wounded.
The crimson imp closely misses you. Natasha misses you.
The crimson imp hits you but does no damage.
Unknown command.
You barely miss Natasha.
Natasha is severely wounded.
Natasha closely misses you. The crimson imp completely misses you.
Natasha casts a spell at you. The magic dart hits you!
You die...

#.............##.....##
##....8.......##.......
#........[...##......(
#............##.......
#...._.......##.......
#............##.......
###.......##############
#......5..###..
#......@.......
#...####h...... #...#
....... #...# ...####
#### ..## ..' ..## ..#


You could see Natasha and a crimson imp (summoned).

Vanquished Creatures
  Natasha (twice) (D:2)
  An ooze (D:1)
  A dart slug (D:1)
  A leopard gecko (D:2)
  A giant cockroach (D:2)
  3 goblins (D:1)
  8 hobgoblins
  3 jackals (D:1)
  4 kobolds
  2 ball pythons (D:1)
  4 bats
  2 frilled lizards
  6 rats (D:1)
38 creatures vanquished.

Notes
Turn   | Place    | Note
-------+----------+-------------------------------------------
     0 | D:1      | Zeld the Human Gladiator began the quest for the Orb.
     0 | D:1      | Reached XP level 1. HP: 16/16 MP: 1/1
    23 | D:1      | Reached XP level 2. HP: 19/22 MP: 2/2
   210 | D:1      | Reached skill level 4 in Long Blades
   210 | D:1      | Reached XP level 3. HP: 27/27 MP: 3/3
   460 | D:2      | Found an ornate altar of the Wu Jian Council.
   491 | D:2      | Found a white marble altar of Elyvilon.
   615 | D:2      | Noticed Natasha
   625 | D:2      | Killed Natasha
   626 | D:2      | Reached XP level 4. HP: 32/33 MP: 4/4
   692 | D:2      | Noticed Natasha
   725 | D:2      | Reached skill level 5 in Long Blades
   735 | D:2      | HP: 1/33 [Natasha (7)]
   738 | D:2      | Killed Natasha
   896 | D:2      | Noticed Natasha
  1233 | D:2      | Killed from afar by Natasha

Illustrated notes

Levels and vault maps discovered:
D:1:      saegor_arrival_miasma, layout_rooms
D:2:      layout_basic, pdpol_temple_overflow_zin_treasury_gozag_greed,
          nicolae_tso_swordbearing_angel, grunt_temple_overflow_open,
          uniq_natasha

Skill      XL: |  1  2  3  4 |
---------------+-------------+-----
Long Blades    | 4 5 |  5.3
Fighting       | |  2.0
Throwing       | |  2.0
Dodging        | |  3.0

Action                   |  1- 3 |  4- 6 || total
-------------------------+-------+-------++-------
Melee: Long sword        |    82 |    42 ||   124
Armor: Leather armour    |    53 |    12 ||    65
Dodge: Dodged            |   108 |    29 ||   137
       Rpst.: Long sword |    33 |     6 ||    39
